 Dungeon Crawl Stone Soup version 0.27-a0-13-g87abb2d9eb (webtiles) character file.

Game seed: 6535812945022787060

51086 wakim the Grappler (level 14, -5/146 HPs)
             Began as a Troll Monk on Jan 2, 2021.
             Was the Champion of Makhleb.
             Slain by a polar bear (6 damage)
             ... in an ice cave.
             The game lasted 01:13:17 (12509 turns).

wakim the Grappler (Troll Monk)                    Turns: 12509, Time: 01:13:17

Health: -5/146     AC: 18    Str: 26    XL:     14   Next: 22%
Magic:  0/18       EV: 13    Int:  6    God:    Makhleb [******]
Gold:   874        SH:  0    Dex: 12    Spells: 13/13 levels left

rFire    + . .     SeeInvis .     - Unarmed
rCold    + . .     Faith    .   (no shield)
rNeg     + . .     Spirit   +   K - +2 robe {rC+ rF+}
rPois    .         Reflect  .   J - +2 hat of the Bear Spirit {Spirit, +Rage rN+ Will++}
rElec    .         Harm     .   (no cloak)
rCorr    .         Rampage  .   (gloves unavailable)
Will     +++..                  (boots unavailable)
Stlth    ++........             s - amulet of regeneration
HPRegen  1.14/turn              F - +4 ring of protection
MPRegen  0.16/turn              k - +4 ring of protection

@: no status effects
A: large, unfitting armour, claws 3, regeneration 1, shaggy fur 1, tough skin 3
a: Renounce Religion, Evoke Berserk Rage, Minor Destruction, Lesser Servant of
Makhleb, Major Destruction, Greater Servant of Makhleb


You were in an ice cave.
You worshipped Makhleb.
Makhleb was exalted by your worship.
You visited 3 branches of the dungeon, and saw 13 of its levels.
You also visited: Ossuary, Bailey and Ice Cave.

You collected 874 gold pieces.

Inventory:

Missiles
 m - 68 poisoned darts (quivered)
 w - a throwing net
 x - 6 boomerangs
Armour
 J - the +2 hat of the Bear Spirit (worn) {Spirit, +Rage rN+ Will++}
   (You acquired it on level 11 of the Dungeon)

   It protects you from negative energy.
   It affects your willpower, your defense against some magical effects.
   It lets you go berserk.
 K - a +2 robe of resistance (worn)
Jewellery
 d - a +6 ring of dexterity
 j - a +6 ring of strength
 k - a +4 ring of protection (right claw)
 s - an amulet of regeneration (around neck)
 y - a +4 ring of evasion
 F - a +4 ring of protection (left claw)
Wands
 b - a wand of acid (6)
 p - a wand of digging (15)
 z - a wand of paralysis (12)
 D - a wand of flame (10)
 E - a wand of iceblast (34)
 G - a wand of enslavement (7)
Scrolls
 e - 5 scrolls of remove curse
 h - 13 scrolls of identify
 i - 2 scrolls of blinking
 o - a scroll of amnesia
 u - 4 scrolls of enchant armour
 A - 4 scrolls of enchant weapon
 B - a scroll of fear
 C - 4 scrolls of teleportation
Potions
 a - 2 potions of might
 c - 2 potions of flight
 f - 11 potions of curing
 l - 3 potions of haste
 q - 3 potions of resistance
 r - 3 potions of heal wounds
 t - 2 potions of invisibility
 v - 5 potions of cancellation
 H - a potion of berserk rage
 I - a potion of brilliance


   Skills:
 + Level 11.2 Fighting
 + Level 8.1 Throwing
 + Level 7.9 Dodging
 - Level 1.0 Stealth
 * Level 12.2 Unarmed Combat
 + Level 7.3 Invocations


You had 13 spell levels left.
You didn't know any spells.
Your spell library contained the following spells:

 Spells                   Type           Power        Failure   Level
 Animate Skeleton         Necr           0%           45%         1
 Apportation              Tloc           0%           45%         1
 Corona                   Hex            0%           45%         1
 Magic Dart               Conj           0%           45%         1
 Shock                    Conj/Air       0%           45%         1
 Summon Small Mammal      Summ           0%           45%         1
 Blink                    Tloc           N/A          58%         2
 Call Imp                 Summ           0%           58%         2
 Slow                     Hex            0%           58%         2
 Swiftness                Air            0%           58%         2
 Conjure Flame            Conj/Fire      0%           83%         3
 Mephitic Cloud           Conj/Pois/Air  0%           83%         3
 Static Discharge         Conj/Air       0%           83%         3
 Airstrike                Air            0%           99%         4
 Lightning Bolt           Conj/Air       0%           100%        5


Dungeon Overview and Level Annotations

Branches:
Dungeon (11/15)            Temple (1/1) D:4            Lair (1/6) D:8
    Orc (0/2) D:11        Ossuary (visited)          Bailey (visited)
  IceCv (1/1)

Altars:
Ashenzari
Cheibriados
Dithmenos
Elyvilon
Fedhas
Gozag
Hepliaklqana
Makhleb
Nemelex Xobeh
Okawaru
Qazlal
Ru
Sif Muna
Trog
Uskayaw
Vehumet
Wu Jian
Xom
Yredelemnul
The Shining One

Shops:
D:6 (   D:7 *

Portals:
Trove: D:11 (show slimy rune of Zot)

Annotations:
D:8 4 runed translucent doors


Innate Abilities, Weirdness & Mutations

You are too large for most types of armour.
You have claws for hands.
Your natural rate of healing is unusually fast.
You are covered in fur. (AC +1)
You have extremely tough skin. (AC +3)


Message History

You closely miss the polar bear.
The polar bear is severely wounded.
The wolf closely misses you.
The polar bear bites you but does no damage.
The polar bear claws you but does no damage. x2
You scratch the polar bear.
The polar bear is severely wounded.
The wolf bites you.
* * * LOW HITPOINT WARNING * * *
The polar bear bites you!
* * * LOW HITPOINT WARNING * * *
The polar bear closely misses you. The polar bear barely misses you.
The wolf closely misses you.
A demon appears!
The polar bear bites you!!
* * * LOW HITPOINT WARNING * * *
The polar bear claws you.
* * * LOW HITPOINT WARNING * * *
The polar bear claws you but does no damage.
The wolf bites you but does no damage. The polar bear bites you.
You die...

. #### ..
######..## (..##
##..##....##
((...###h..3.†....#
...(.#†h@...†∩.∩.#
#(..h##..†....#
##†.#####....##
#### ##..## ####


You could see 2 polar bears, a wolf and a friendly smoke demon (summoned).

Vanquished Creatures
  An orc warlord (Bailey)
  A boulder beetle (D:11)
  Erica (D:8)
  An unseen horror (D:10)
  An orc knight (Bailey)
  2 ugly things (D:10)
  A moth of wrath (shapeshifter) (D:11)
  A cane toad (Lair:1)
  2 rime drakes (Lair:1)
  The ghost of melvinkitnick the Frost Mage, a novice MfIE (D:6)
  2 kobold demonologists (D:11)
  A tengu conjurer (D:10)
  3 polar bears (IceCv)
  A troll (D:9)
  Grinder (D:3)
  A shadow (D:11)
  A vampire (D:10)
  13 yaks
  Grum (D:9)
  A water moccasin (D:10)
  A black bear (D:6)
  18 orc warriors
  3 eyes of draining
  3 ice beasts
  2 phantoms (D:7)
  3 ogres
  4 necrophages
  5 wolves
  5 centaurs
  3 elf zombies (D:5)
  2 big kobolds (D:11)
  4 bullfrogs
  A wyvern skeleton (D:9)
  11 scorpions
  A water moccasin skeleton (D:7)
  9 killer bees
  25 wights
  6 howler monkeys
  3 jellies
  5 centaur zombies
  A quasit (D:7)
  3 hounds
  2 human zombies (Ossuary)
  4 orc priests
  4 bullfrog skeletons
  2 centaur skeletons
  4 human skeletons (D:5)
  8 orc wizards
  5 iguanas
  8 worker ants
  2 big kobold zombies (Ossuary)
  2 hound zombies
  4 hound skeletons
  4 mummies
  2 worker ant zombies (D:6)
  15 adders
  13 gnolls (Bailey)
  A howler monkey skeleton (D:5)
  3 scorpion zombies (Ossuary)
  A shadow imp (D:8)
  6 white imps
  4 ufetubi
  An ooze (D:7)
  An adder skeleton (D:8)
  4 worms
  3 dart slugs
  4 leopard geckos
  80 orcs
  3 bats (D:1)
  13 giant cockroaches
  35 goblins
  17 hobgoblins
  13 jackals
  7 quokkas
  2 ball pythons
  5 frilled lizards
  3 gnoll zombies (Ossuary)
  A goblin skeleton (D:9)
  A goblin zombie (Ossuary)
  5 hobgoblin zombies
  10 kobolds
  A kobold zombie (Ossuary)
  A leopard gecko skeleton (D:4)
  3 orc skeletons
  5 orc zombies
  8 rats
  4 bushes (D:2)
479 creatures vanquished.

Vanquished Creatures (collateral kills)
  An orc (Bailey)
  A goblin (Bailey)
2 creatures vanquished.

Vanquished Creatures (others)
  A plant (D:2)
  7 withered plants (D:10)
8 creatures vanquished.

Grand Total: 489 creatures vanquished

Notes
Turn   | Place    | Note
-------+----------+-------------------------------------------
     0 | D:1      | wakim the Troll Monk began the quest for the Orb.
     0 | D:1      | Reached XP level 1. HP: 22/22 MP: 0/0
    29 | D:1      | Reached XP level 2. HP: 29/29 MP: 1/1
   798 | D:2      | Reached XP level 3. HP: 33/36 MP: 2/2
  1825 | D:3      | Reached skill level 1 in Throwing
  1825 | D:3      | Reached XP level 4. HP: 43/45 MP: 3/3
  1866 | D:3      | Reached skill level 4 in Unarmed Combat
  1944 | D:3      | Reached XP level 5. HP: 47/53 MP: 4/4
  2046 | D:3      | Noticed Grinder
  2060 | D:3      | Killed Grinder
  2061 | D:3      | Reached skill level 5 in Unarmed Combat
  2061 | D:3      | Reached XP level 6. HP: 47/62 MP: 5/5
  2542 | D:4      | Found a staircase to the Ecumenical Temple.
  2550 | Temple   | Entered the Ecumenical Temple
  2590 | Temple   | Became a worshipper of Makhleb the Destroyer
  2590 | Temple   | Reached * piety under Makhleb
  2590 | Temple   | Reached ** piety under Makhleb
  2719 | D:4      | Reached XP level 7. HP: 70/70 MP: 6/6
  3469 | D:5      | Entered Level 5 of the Dungeon
  3639 | D:5      | Found a snail-covered altar of Cheibriados.
  3700 | D:5      | Reached skill level 1 in Invocations
  3710 | D:5      | Found a sand-covered staircase.
  3715 | Ossuary  | Entered an ossuary
  4061 | Ossuary  | Reached skill level 6 in Unarmed Combat
  4072 | Ossuary  | Reached XP level 8. HP: 73/79 MP: 8/8
  4074 | Ossuary  | Reached skill level 5 in Fighting
  4287 | D:5      | Reached *** piety under Makhleb
  4809 | D:5      | Found a shadowy altar of Dithmenos.
  4810 | D:5      | Found a hazy altar of Hepliaklqana.
  5107 | D:6      | Reached skill level 7 in Unarmed Combat
  5301 | D:6      | Found Ingooz's Antique Weapon Emporium.
  5389 | D:6      | Reached XP level 9. HP: 89/89 MP: 10/10
  5584 | D:6      | Found a large runed translucent door.
  5586 | D:6      | Found a large runed translucent door.
  5588 | D:6      | Noticed melvinkitnick's ghost (novice MfIE)
  6093 | D:7      | Reached **** piety under Makhleb
  6236 | D:7      | Found Bolliahe's Bounteous Boutique.
  6494 | D:7      | Reached skill level 8 in Unarmed Combat
  6600 | D:7      | Found a radiant altar of Vehumet.
  6658 | D:7      | Found a broken altar of Ashenzari.
  6725 | D:7      | Reached skill level 5 in Dodging
  6945 | D:8      | Noticed Erica
  7179 | D:8      | Reached ***** piety under Makhleb
  7206 | D:8      | Found a staircase to the Lair.
  7224 | D:8      | Reached XP level 10. HP: 95/98 MP: 12/12
  7382 | D:8      | Killed Erica
  7383 | D:8      | Reached skill level 5 in Throwing
  7383 | D:8      | Reached skill level 9 in Unarmed Combat
  7453 | D:8      | Found a huge runed translucent gate.
  7453 | D:8      | Found a huge runed translucent gate.
  7453 | D:8      | Found a huge runed translucent gate.
  7453 | D:8      | Found a huge runed translucent gate.
  7529 | D:8      | Found a shimmering blue altar of Sif Muna.
  7529 | D:8      | Found a blossoming altar of Fedhas.
  7676 | D:8      | Found a radiant altar of Vehumet.
  7899 | D:6      | Killed melvinkitnick's ghost
  8446 | D:9      | Found a bloodstained altar of Trog.
  8485 | D:9      | Found an iron altar of Okawaru.
  8658 | D:9      | Found a glowing golden altar of the Shining One.
  8702 | D:9      | Found a sparkling altar of Nemelex Xobeh.
  8871 | D:9      | Found a hide-covered altar of Uskayaw.
  8883 | D:9      | Reached skill level 5 in Invocations
  8891 | D:9      | Noticed Grum
  8897 | D:9      | Found a broken altar of Ashenzari.
  8899 | D:9      | Killed Grum
  9046 | D:10     | Entered Level 10 of the Dungeon
  9120 | D:10     | Reached skill level 10 in Unarmed Combat
  9241 | D:10     | Killed an unseen horror
  9242 | D:10     | Reached XP level 11. HP: 88/111 MP: 13/13
  9533 | D:10     | Reached ****** piety under Makhleb
 10092 | D:11     | Found a flagged portal.
 10102 | Bailey   | Entered a bailey
 10224 | Bailey   | Reached skill level 10 in Fighting
 10314 | Bailey   | Noticed an orc knight
 10314 | Bailey   | Noticed an orc warlord
 10417 | Bailey   | Killed an orc warlord
 10591 | Bailey   | Killed an orc knight
 10832 | D:11     | Noticed a boulder beetle
 10989 | D:11     | Noticed a sixfirhy
 11056 | D:11     | Noticed a purple ugly thing
 11063 | D:10     | Killed a purple ugly thing
 11469 | D:11     | Noticed a green ugly thing
 11500 | D:10     | Killed a green ugly thing
 11576 | D:11     | Reached XP level 12. HP: 128/128 MP: 15/15
 11673 | D:11     | Found a staircase to the Orcish Mines.
 11813 | D:11     | Found a portal to a secret trove of treasure.
 12067 | D:11     | Identified a scroll of acquirement
 12067 | D:11     | Acquired the +2 hat of the Bear Spirit {Spirit, +Rage rN+
                  | Will++}
 12068 | D:11     | Found the +2 hat of the Bear Spirit {Spirit, +Rage rN+
                  | Will++}
 12102 | D:11     | Reached skill level 11 in Unarmed Combat
 12102 | D:11     | Reached XP level 13. HP: 132/132 MP: 16/16
 12103 | D:11     | Reached skill level 12 in Unarmed Combat
 12103 | D:11     | Reached XP level 14. HP: 141/141 MP: 16/18
 12374 | Lair:1   | Entered Level 1 of the Lair of Beasts
 12384 | Lair:1   | Found a frozen archway.
 12406 | IceCv    | Entered an ice cave
 12509 | IceCv    | HP: 4/146 [polar bear (19)]
 12509 | IceCv    | HP: 1/146 [polar bear (3)]
 12509 | IceCv    | Slain by a polar bear

Illustrated notes

Levels and vault maps discovered:
D:1:      lightli_arrival_boilingwater, layout_loops_ring, nrook_uturn,
          nrook_mini_vaults
D:2:      layout_loops_ring, serial_forest, infiniplex_forest_clump_medium,
          infiniplex_forest_lined_ring, infiniplex_forest_clump_cross,
          infiniplex_forest_clump_diagonal, infiniplex_forest_diagonal,
          infiniplex_forest_end_2, infiniplex_forest_clump_double,
          eino_curves_03
D:3:      layout_rooms, uniq_grinder
D:4:      layout_basic, minmay_temple_entry_statues_pillars,
          chequers_serial_rivers_large_b, kennysheep_small_square
D:5:      layout_basic, riverfiend_overflow_shadow_ancestor,
          general_overflow_altar, nicolae_ossuary_entry_catacombs,
          minmay_misc_feat_x
D:6:      layout_gridville, serial_shops, shop, ebering_ghost_disaster_area
D:7:      layout_loops_cross, kennysheep_little_box, nicolae_alphabet_shops,
          vehumet_altar_wand_db
D:8:      lemuel_bear_cage, layout_rooms, amethyst_overflow_temple_binary,
          nicolae_overflow_crystal_walls, minivault_1, uniq_erica
D:9:      layout_basic, grunt_temple_overflow_bloody_war,
          nicolae_tso_besieged_by_evil, overflow_temple_1_default,
          nemelex_xobeh_ov_fountains_minmay, basic_altar, uniq_grum
D:10:     layout_loops_cross, serial_undead, serial_undead_c, serial_undead_f,
          serial_undead_c, serial_undead_e, serial_undead_b
D:11:     layout_irregular_city, david_orc_4, nicolae_trove_entry_diagonal,
          enter_bailey_3, chequers_serial_rivers_room_b
Temple:   compressed_dpeg_circular_temple
Lair:1:   layout_chaotic_city, portal_ice_cave_rime, grunt_megastairs_2
IceCv:    ice_cave_small_giant

Skill      XL: |  1  2  3  4  5  6  7  8  9 10 11 12 13 |
---------------+----------------------------------------+-----
Fighting       | 3 4 5 6 8 10 11 | 11.2
Throwing       | 1 2 3 4 6 7 8 |  8.1
Unarmed Combat | 4 5 6 7 8 10 11 12 | 12.2
Dodging        | 3 4 5 6 7 |  7.9
Invocations    | 1 3 4 5 6 7 |  7.3
Stealth        | |  1.0

Action                   |  1- 3 |  4- 6 |  7- 9 | 10-12 | 13-15 || total
-------------------------+-------+-------+-------+-------+-------++-------
Melee: Unarmed           |   216 |   102 |   455 |   580 |    71 ||  1424
       Punch             |     7 |     5 |    21 |    23 |     9 ||    65
Throw: Stone             |    11 |       |       |       |       ||    11
       Dart              |       |     3 |    13 |   103 |     9 ||   128
       Boomerang         |       |       |    51 |    73 |     2 ||   126
Invok: Minor Destruction |       |       |     3 |     9 |       ||    12
       Lesser Servant of |       |       |     1 |     3 |     1 ||     5
  Use: Potion            |     2 |     4 |     2 |     3 |     1 ||    12
       Scroll            |     2 |     2 |    14 |     6 |     1 ||    25
 Stab: Sleeping          |     5 |     2 |     4 |     3 |       ||    14
       Distracted        |       |       |       |     3 |       ||     3
Armor: Robe              |    15 |    40 |   190 |   185 |    60 ||   490
Dodge: Dodged            |    29 |    68 |   242 |   267 |    71 ||   677

Table legend: (Time is in decaauts)
 A = Elapsed time spent in this place.
 B = Non-inter-level travel time spent in this place.
 C = Inter-level travel time spent in this place.
 D = Time resting spent in this place.
 E = Time spent auto-exploring this place.
 F = Levels seen in this place.
 G = Mean time per level.
                   A        B        C        D        E       F      G
               +--------+--------+--------+--------+--------+-----+--------+
         Total |  12339 |  11414 |    925 |    745 |   5923 |  16 |  771.2 |
       Dungeon |  10963 |  10039 |    924 |    519 |   5673 |  11 |  996.6 |
        Temple |     49 |     49 |      0 |      0 |     37 |   1 |   49.0 |
          Lair |     28 |     28 |      0 |      0 |      0 |   1 |   28.0 |
       Ossuary |    536 |    536 |      0 |    130 |     79 |   1 |  536.0 |
        Bailey |    667 |    667 |      0 |     50 |    134 |   1 |  667.0 |
      Ice Cave |     92 |     92 |      0 |     46 |      0 |   1 |   92.0 |
               +--------+--------+--------+--------+--------+-----+--------+

Top non-repeatable levels by time:
    D:11: 1358 daAuts
    D:10: 1165 daAuts
     D:6: 1091 daAuts
     D:4: 1073 daAuts
     D:7: 1051 daAuts
     D:2: 1041 daAuts
     D:9: 981 daAuts
     D:5: 929 daAuts
     D:8: 865 daAuts
     D:1: 758 daAuts
  Bailey: 667 daAuts
     D:3: 648 daAuts
 Ossuary: 536 daAuts
   IceCv: 92 daAuts
  Temple: 49 daAuts
